[Event "*** Titled Tuesday Blitz"]
[Site "Chess.com"]
[Date "2020.05.26"]
[Round "2"]
[White "Thee-Chessboy"]
[Black "ElGasanov"]
[Result "1-0"]
[WhiteElo "2525"]
[BlackElo "2741"]
[TimeControl "180+1"]
[EndTime "10:19:26 PDT"]
[Termination "Thee-Chessboy won on time"]

1. d4 d6 2. Nf3 g6 3. g3 Bg7 4.
Bg2 Nd7 5. O-O e5 6. dxe5 dxe5 7. c4 Ngf6 8. Nc3 O-O 9. e4 c6 10. h3 Qe7 11. Be3 Nc5 12. Qc2 Nfd7 13. Rad1 a5 14.
Rd2 Ne6 15. Rfd1 Ndc5 16. b3 Bd7 17. h4 Rfd8 18. Kh2 Be8 19. Bh3 h5 20. Kg2 Bf6 21. a3 a4 22. b4 Rxd2 23. Nxd2 Nd4 24. Qb1 Ncb3 25. c5 Nxd2 26. Rxd2 Bd7 27. Bxd7 Qxd7 28. Bxd4 exd4 29. Ne2 Rd8 30. Qd3 Qe6 31. f4 Qg4 32. Qf3 Qe6 33. e5 Be7 34. Rxd4 Rxd4 35. Nxd4 Qa2+ 36.
Ne2 f6 37. Qe4 Kf7 38. exf6 Bxf6 39. Qd3 Qd5+ 40. Qxd5+ cxd5 41. Nc1 Bb2 42. Nd3 Bxa3 43. Kf2 d4 44. Kf3 Bb2 45. b5 a3 46. c6 a2 47. cxb7 a1=Q 48. b8=Q Qf1+ 49. Ke4 Qe2+ 50. Kd5 Qxd3 51. Qc7+ Kf6 52. Qc6+ Kg7 53. b6 Qf3+ 54. Kc5 Ba3+ 55. Kb5 Qb3+ 56. Ka6 d3 57. b7 d2 58.
Qc7+ Kh6 59. b8=Q Qa4+ 60. Kb7 Qb5+ 61. Kc8 Qe8+ 62. Kb7 Qb5+ 63. Qb6 Qd7+ 64. Ka8 Qd5+ 65. Q6b7 Qa5+ 66. Q8a7 Qd8+ 67. Qbb8 Qd5+ 68. Qab7 1-0

[Event "*** Titled Tuesday Blitz"]
[Site "Chess.com"]
[Date "2020.05.26"]
[Round "2"]
[White "Barmen_EV"]
[Black "platy3"]
[Result "0-1"]
[WhiteElo "2465"]
[BlackElo "2704"]
[TimeControl "180+1"]
[EndTime "10:19:26 PDT"]
[Termination "platy3 won on time"]

1. d4 Nf6 2. c4 e6 3. Nc3 Bb4 4. e3 O-O 5. Bd3 d5 6. Nf3 c5 7. cxd5 exd5 8. dxc5 Nc6 9. O-O Bxc3 10. bxc3 Qa5 11. h3 Qxc5 12. a4 Re8 13. Bb2 Ne4 14. Rc1 Na5 15. Nd2 Nxd2 16. Qxd2 Nb3 17. Bxh7+ Kh8 18. Qe2 g6 19. c4+ Kxh7 20. Rc3 Nd4 21.
exd4 Rxe2 22. dxc5 Rxb2 23. cxd5 Bd7 24. c6 bxc6 25.
dxc6 Be6 26. c7 Rc8 27. Rfc1 Rb3 28. Rc5 Kg7 29. a5 Kf8 30. Kh2 Ke7 31. f4 Rd3 32. g4 Rd5 33. Rc6 Rxa5 34. Re1 Kd7 35. Rec1 Ra2+ 36. Kg3 Ra3+ 37. Kh4 a5 38. Kg5 Ke7 39.
f5 gxf5 40. gxf5 f6+ 41. Kf4 Ra4+ 42. Ke3 Bxf5 43. h4 Re4+ 44. Kf3 Rxh4 45. R6c5 Be6 46. Rxa5 Rc4 47. Rxc4 Bxc4 48. Rc5 Be6 49. Ke4 Kd6 50.
Rh5 Rxc7 51. Rh6 Rc4+ 52. Kd3 Ke5 53. Rh5+ f5 54. Rh6 Rd4+ 55. Ke3 f4+ 56. Kf3 Rd3+ 57. Ke2 Bf5 58. Kf2 Rd2+ 59. Kf3 Be4+ 60. Kg4 Rg2+ 61. Kh3 f3 62. Rh8 Kd4 63. Rf8 Ke3 64. Rb8 Rg7 65. Rf8 f2 66. Kh2 Rg1 67. Re8 Ra1 68.
Rb8 Rh1+ 69. Kg3 Rg1+ 70. Kh2 Rg2+ 0-1

[Event "*** Titled Tuesday Blitz"]
[Site "Chess.com"]
[Date "2020.05.26"]
[Round "2"]
[White "SaraciNderim"]
[Black "almaguerjm"]
[Result "0-1"]
[WhiteElo "2781"]
[BlackElo "2329"]
[TimeControl "180+1"]
[EndTime "10:19:26 PDT"]
[Termination "almaguerjm won on time"]

1. b3 d5 2. Bb2 Nf6 3. e3 c5 4. Nf3 Nc6 5. d4 Bf5 6. Be2 e6 7. O-O Qb6 8. a3 Bd6 9. dxc5 Bxc5 10. b4 Be7 11. Nbd2 Rd8 12. c4 dxc4 13. Qc1 Bd3 14. Nxc4 Bxc4 15. Qxc4 O-O 16. Rad1 Rc8 17. Qb3 Rfd8 18.
h3 Rxd1 19. Rxd1 Rd8 20. Nd4 a6 21. Nxc6 Rxd1+ 22. Qxd1 Qxc6 23. Bf3 Qc8 24. Qd4 Ne8 25. Qb6 Nd6 26. Be5 Nc4 27. Qd4 Nxa3 28. Bxg7 Nb5 29. Qb2 Bf8 30. Bxf8 Qxf8 31. Bxb7 Qd6 32. Bf3 Nc7 33.
Qc3 f6 34. Be2 Kf7 35. g3 Kg7 36. Qc4 Nd5 37. b5 axb5 38. Qxb5 Nc3 39. Qb7+ Kh6 40.
Bf3 Nd5 41. Be4 f5 42. Bxd5 exd5 43. Qf7 Qe5 44. Qf8+ Kg6 45. Qb4 Kf6 46. Qd4 Ke6 47. Qxe5+ Kxe5 48. Kf1 Ke4 49. Ke2 d4 50. f3+ Kd5 51.
Kd3 dxe3 52. Kxe3 Ke5 53. f4+ Kd5 54. Kd3 Kc5 55. Ke3 Kd5 56. Kf3 Kd4 57. g4 fxg4+ 58.
hxg4 Kd5 59. Kg3 Ke6 60. Kh4 Kf6 61. f5 Kg7 62. Kh5 Kf7 63. Kg5 Kg7 64. Kf4 Kf6 0-1

[Event "*** Titled Tuesday Blitz"]
[Site "Chess.com"]
[Date "2020.05.26"]
[Round "2"]
[White "Airquake"]
[Black "tigra"]
[Result "0-1"]
[WhiteElo "2496"]
[BlackElo "2754"]
[TimeControl "180+1"]
[EndTime "10:19:28 PDT"]
[Termination "tigra won by resignation"]

1. e4 c5 2. Nf3 d6 3. d4 cxd4 4.
Nxd4 Nf6 5. Nc3 a6 6. Be2 e6 7.
O-O Be7 8. Be3 O-O 9. a4 Nc6 10. Nb3 b6 11. f4 Qc7 12. Bf3 Nd7 13. Qe2 Nc5 14. Nd2 Rb8 15. a5 bxa5 16. Nc4 Rb4 17.
Rfd1 Bd7 18. b3 a4 19. Bxc5 dxc5 20. Nxa4 Nd4 21. Qd3 Bxa4 22. Rxa4 Rxa4 23. bxa4 Qxf4 24. Rf1 Rd8 25. Bh5 Qg5 26. Bxf7+ Kh8 27. Qh3 Ne2+ 28. Kh1 Qf4 29. Ne3 Qxe4 30. Bxe6 Nf4 31. Bf5 Nxh3 32.
Bxe4 Ng5 33. Bd3 c4 34. Nxc4 Bf6 35. Na5 Rd6 36. g4 g6 37. h4 Bc3 38. Nc4 Rd4 39. hxg5 Rxg4 40. Nd6 Rh4+ 41. Kg2 Rxa4 42. Rf7 Bd2 43.
Ra7 Ra5 44. Nf7+ Kg8 45. Bc4 Kf8 46. Kf3 Rc5 47. Bb3 Bc1 48. Nd6 Rxg5 49. Ne4 Rf5+ 50. Ke2 h5 51. Rxa6 Re5 52. Kd3 g5 53. Rg6 g4 54. Ng3 h4 55. Ne4 g3 56. Nxg3 Re3+ 57. Kd4 hxg3 58. c4 Rf3 59. Bc2 Bf4 60. Be4 Rf2 61. c5 Kf7 62. Rg4 Kf6 63. c6 Be5+ 64. Kd5 Rd2+ 65. Kc4 Rd4+ 66. Kc5 g2 67. Rg6+ Kf7 68.
Rxg2 Rxe4 69. Rd2 Ke6 70. Kb6 Rb4+ 71. Kc5 Rb1 72. Rd3 Rc1+ 73. Kb6 Rb1+ 74. Kc5 Bf4 75. Rd4 Be3 76. c7 Rc1+ 0-1

[Event "*** Titled Tuesday Blitz"]
[Site "Chess.com"]
[Date "2020.05.26"]
[Round "2"]
[White "zurzan"]
[Black "Khayala13"]
[Result "0-1"]
[WhiteElo "1926"]
[BlackElo "2341"]
[TimeControl "180+1"]
[EndTime "10:19:34 PDT"]
[Termination "Khayala13 won on time"]

1. f4 d5 2. Nf3 c5 3. g3 Nc6 4. Bg2 Nf6 5. O-O e6 6. d3 Bd6 7. c3 e5 8. Qe1 exf4 9. Bxf4 Bxf4 10. gxf4 O-O 11. e4 dxe4 12. dxe4 Re8 13. e5 Nd5 14. Qg3 Ne3 15. Rc1 Bf5 16. Na3 Nxg2 17. Qxg2 Re6 18. Rd1 Qe8 19. Nh4 Bg6 20. Kf2 Qe7 21.
Nf3 Be4 22. Rg1 Rg6 23. Qh3 Rd8 24. Rxg6 hxg6 25. Nc4 Bf5 26. Qh4 Rd3 27. Qxe7 Nxe7 28. Ne3 Nd5 29. Ng2 Nb6 30. Re1 Bg4 31. Ne3 Bxf3 32.
Kxf3 Nc4 33. b3 Nxe3 34. Rxe3 Rd2 35. Re2 Rd3+ 36. Re3 Rd1 37. Re2 Kf8 38. c4 Ke7 39. Ke4 Ke6 40. a3 Ra1 41. a4 Rb1 42. Re3 Rb2 43. h3 Rd2 44. Kf3 Rh2 45. Kg3 Rd2 46.
Kf3 Kf5 47. Kg3 g5 48. fxg5 Kxg5 49. h4+ Kf5 50. Rf3+ Ke6 51. Re3 Rd4 52. Kh3 g6 53.
Kg3 Rd1 54. Kh3 Rf1 55. Kg3 Rf5 56. Kh3 Rxe5 57. Rf3 f5 58. h5 gxh5 59. Kh4 Re1 60. Kxh5 Rg1 61. Kh4 Ke5 62. Kh3 Ke4 63. Rc3 f4 64. Kh2 Rg8 65. a5 f3 66. Rc2 Ke3 67.
Rc3+ Ke2 68. Rc2+ Kd3 69. Rf2 Ke3 70. Rc2 f2 71. Rc3+ Kd2 72. Rf3 Ke2 0-1

[Event "*** Titled Tuesday Blitz"]
[Site "Chess.com"]
[Date "2020.05.26"]
[Round "2"]
[White "Sippp"]
[Black "enriquetejedor"]
[Result "1/2-1/2"]
[WhiteElo "2681"]
[BlackElo "2469"]
[TimeControl "180+1"]
[EndTime "10:19:38 PDT"]
[Termination "Game drawn by repetition"]

1. e4 c5 2. Nf3 Nc6 3. d4 cxd4 4. Nxd4 g6 5. Nc3 Bg7 6. Be3 d6 7. Bc4 Nf6 8. f3 O-O 9. Qd2 Bd7 10. Bb3 Ne5 11. h4 h5 12. O-O-O Rc8 13. Kb1 Nc4 14. Bxc4 Rxc4 15. Nb3 a5 16. Nd5 Nxd5 17. Qxd5 Be6 18. Qd2 Rb4 19. Nd4 Qc7 20. c3 Rc4 21. g4 hxg4 22. h5 Qd7 23. Bh6 Bxd4 24. cxd4 Rfc8 25. d5 gxf3 26. hxg6 fxg6 27. dxe6 Qxe6 28. Qd5 Rxe4 29. Qxe6+ Rxe6 30. Bd2 Rc5 31. Bc3 Rf5 32. Rh8+ Kf7 33.
Rdh1 Re2 34. Kc1 Ke6 35. Rf1 g5 36. Rg8 b5 37. Bxa5 Rc5+ 38. Kb1 Rf5 39. Kc1 Kf7 40. Rh8 g4 41. Rh7+ Kg6 42. Rh8 Kg7 43. Bc3+ e5 44.
Rd8 Rf6 45. Rg1 Rg6 46. Rd7+ Kh6 47. Bd2+ Rxd2 48. Kxd2 Kg5 49. Ke3 Kf5 50. Rf7+ Ke6 51. Rh7 d5 52. Rh4 Kf5 53. Rh5+ Ke6 54. Rg3 d4+ 55.
Ke4 f2 56. Rxe5+ Kf7 57. Rf5+ Rf6 58. Rxf6+ Kxf6 59. Rxg4 f1=Q 60. Rf4+ Qxf4+ 61. Kxf4 d3 62. Ke3 Ke5 63. Kxd3 Kd5 64. b4 Ke5 65. Kc3 Kd5 66. Kb3 Kc6 67. Kc2 Kd5 68. Kd3 Ke5 69. Ke3 Kd5 70. Kd3 1/2-1/2

[Event "*** Titled Tuesday Blitz"]
[Site "Chess.com"]
[Date "2020.05.26"]
[Round "2"]
[White "Richarzard69"]
[Black "Usurpov"]
[Result "1-0"]
[WhiteElo "2235"]
[BlackElo "2426"]
[TimeControl "180+1"]
[EndTime "10:19:38 PDT"]
[Termination "Richarzard69 won by checkmate"]

1. Nf3 Nf6 2. c4 g6 3. Nc3 d5 4.
cxd5 Nxd5 5. e4 Nxc3 6. dxc3 Qxd1+ 7.
Kxd1 Bg4 8. Kc2 Bxf3 9. gxf3 Nd7 10. h4 e5 11. h5 Bc5 12. a4 O-O-O 13. Be3 c6 14. a5 Kc7 15. b4 Bxe3 16. fxe3 f6 17. hxg6 hxg6 18. Bc4 Kd6 19. Bf7 g5 20. Bg6 Ke7 21. Bf5 c5 22. Rad1 Rh4 23. Rxh4 gxh4 24. Bxd7 Rxd7 25. Rh1 cxb4 26. cxb4 Ke6 27. Rxh4 Rc7+ 28.
Kb3 Rd7 29. Kc3 Rc7+ 30. Kb2 a6 31. Rh8 Rd7 32. Re8+ Kf7 33. Rc8 Rd2+ 34. Rc2 Rd7 35. Kc3 Rc7+ 36. Kd3 Rd7+ 37. Ke2 Ke6 38. Rc4 Ke7 39.
f4 Ke6 40. Kf3 Rf7 41. Kg4 Rg7+ 42. Kf3 Kd6 43. Rc8 Ke6 44. Re8+ Kd7 45. Rb8 Ke6 46. Rd8 Ke7 47. Rd1 Ke6 48. Rh1 Kd6 49. Rh6 Ke6 50.
Rh8 Kd6 51. Rh4 Ke6 52. Rh8 Kd6 53. Rf8 Ke7 54. Rb8 Kd6 55. f5 Rh7 56. Rf8 Ke7 57.
Rb8 Kd6 58. Ke2 Kc6 59. Rf8 Rh6 60.
Kd3 Kb5 61. Rf7 Kxb4 62. Rxb7+ Kxa5 63. Kc4 Ka4 64. Rb4+ Ka5 65. Rb1 Rh2 66. Kc5 Rc2+ 67. Kd6 Rc3 68. Ke6 Rxe3 69. Kxf6 Rxe4 70. Ke7 Re2 71. f6 e4 72. f7 Rf2 73. f8=Q Rxf8 74. Kxf8 e3 75. Ke7 Ka4 76. Kd6 Ka3 77. Kc5 a5 78.
Kd4 Ka2 79. Re1 a4 80. Kc3 a3 81. Rxe3 Kb1 82. Kb3 a2 83. Re1# 1-0

[Event "*** Titled Tuesday Blitz"]
[Site "Chess.com"]
[Date "2020.05.26"]
[Round "2"]
[White "MikeSailer"]
[Black "lupta_robin"]
[Result "0-1"]
[WhiteElo "2087"]
[BlackElo "2612"]
[TimeControl "180+1"]
[EndTime "10:19:40 PDT"]
[Termination "lupta_robin won by resignation"]

1. d4 Nf6 2. Nf3 d5 3. Bf4 e6 4. e3 c5 5. Nbd2 Nc6 6. c3 Bd6 7.
Bd3 O-O 8. O-O b6 9. Bxd6 Qxd6 10. Re1 e5 11. dxe5 Nxe5 12. Nxe5 Qxe5 13. Nf3 Qe7 14. Qc2 Bb7 15. a4 h6 16. a5 Rfd8 17.
axb6 axb6 18. Bb5 Qe6 19. Bd3 Ne4 20. Bxe4 dxe4 21. Nd2 f5 22. b3 b5 23. c4 b4 24. Nf1 Qe5 25. Rad1 Bc6 26. Ng3 g5 27.
Qe2 Kg7 28. Nh5+ Kg6 29. Rxd8 Rxd8 30. Rd1 Rd3 31. Ng3 Rxd1+ 32. Qxd1 f4 33. exf4 gxf4 34. Qg4+ Kh7 35. Qf5+ Qxf5 36. Nxf5 h5 37. Ne7 Bb7 38.
Nd5 f3 39. gxf3 exf3 40. Ne3 Kg6 41. Kf1 Kg5 42. Nd1 Kf4 43. Nb2 Be4 44. Na4 Bc2 45.
Nxc5 Ke5 46. Ke1 Kd4 47. Ne6+ Kc3 48. Ng5 Kxb3 49. Nxf3 Kxc4 50. Kd2 Be4 51. Ne1 b3 52. f3 b2 53. Nc2 b1=Q 54. Na3+ Kc5 55. Nxb1 Bxb1 56.
Ke3 Kd6 57. Kf4 Bg6 58. Kg5 Be8 59. f4 Ke7 60. f5 Kf8 61. Kf6 Kg8 62. Kg5 Bf7 63.
Kf6 Kf8 64. Kg5 Kg7 65. f6+ Kh7 66. h3 Be8 67. Kf5 Bf7 68. Kg5 Be8 69. Kf5 Kh6 70.
Ke6 Kg6 71. Ke7 Bf7 72. h4 Bc4 73. Kf8 Kxf6 74. Ke8 Kf5 75. Kf8 Kg4 76. Kg7 Kxh4 77. Kh6 Kg4 0-1

[Event "*** Titled Tuesday Blitz"]
[Site "Chess.com"]
[Date "2020.05.26"]
[Round "2"]
[White "varacalli"]
[Black "Goryachkina"]
[Result "1/2-1/2"]
[WhiteElo "2338"]
[BlackElo "2605"]
[TimeControl "180+1"]
[EndTime "10:19:40 PDT"]
[Termination "Game drawn by repetition"]

1. e4 e6 2. d4 d5 3. Nd2 c5 4. exd5 Qxd5 5. Ngf3 cxd4 6. Bc4 Qd7 7. O-O Nc6 8. Nb3 a6 9. Nbxd4 Nxd4 10. Nxd4 Qc7 11. b3 Bd6 12. Nf3 Nf6 13. Bb2 Bd7 14. Qe2 Bc6 15. Rfe1 Bxf3 16. Qxf3 Bxh2+ 17. Kh1 Bf4 18. Rad1 h5 19. g3 Bg5 20. Re5 Bh6 21. Bxe6 O-O 22.
Bc4 Rad8 23. Rde1 Rd2 24. Re7 Qc6 25. Qxc6 bxc6 26. Bxf6 gxf6 27. R1e2 Rxe2 28. Bxe2 a5 29. Bxh5 Bd2 30. Be2 c5 31. Bc4 Kg7 32. Kg2 f5 33. Re5 Bb4 34. Rxf5 f6 35. g4 Rd8 36. g5 fxg5 37.
Rxg5+ Kf6 38. Rd5 Rxd5 39. Bxd5 Ke5 40. Bc4 Kf4 41. Kf1 Bc3 42. Ke2 Bd4 43. f3 Bc3 44. Kd3 Bb4 45. Bd5 Ke5 46. Kc4 Ba3 47.
Be4 Kf4 48. Kb5 Bb4 49. a3 Bxa3 50. Kxa5 Ke3 51. Kb5 Kd4 52. Bb7 Bc1 53. Be4 Ba3 54. Bh7 Bc1 55. Kc6 Ba3 56. Kd6 Bc1 57. Ke6 Bf4 58. Kf5 Ke3 59. Kg4 Bd6 60. Bg8 Be5 61. Kf5 Bd6 62. Kg4 Bf4 63. Bc4 Be5 64. Bb5 Bd6 65.
Bc4 Be5 66. Bb5 Bd6 67. Bc4 Be5 1/2-1/2

[Event "*** Titled Tuesday Blitz"]
[Site "Chess.com"]
[Date "2020.05.26"]
[Round "2"]
[White "Tsyhanchuk_Stanislav"]
[Black "DonPreuss"]
[Result "0-1"]
[WhiteElo "2432"]
[BlackElo "2247"]
[TimeControl "180+1"]
[EndTime "10:19:49 PDT"]
[Termination "DonPreuss won by checkmate"]

1. e4 Nc6 2. Nf3 d6 3. d4 g6 4.
Bc4 Bg7 5. c3 e6 6. O-O Nge7 7.
Re1 O-O 8. Bg5 f6 9. Bf4 Kh8 10. Nbd2 e5 11. Bg3 Bg4 12. h3 Bh5 13. Qc2 exd4 14.
Nxd4 Nxd4 15. cxd4 f5 16. Bh4 Qd7 17. Bxe7 Qxe7 18. exf5 Qh4 19. Re4 Qg5 20. g4 gxf5 21. Nf3 Qg6 22. Re6 Rf6 23. Nh4 Qg5 24. Rxf6 Bxf6 25.
Nxf5 Bg6 26. Qd3 Rf8 27. Re1 c6 28. Re6 d5 29. Bb3 Bg7 30. Kf1 Bxf5 31. gxf5 Qxf5 32. Qxf5 Rxf5 33. Bc2 Rf7 34. Re8+ Bf8 35. Ke2 Kg7 36.
f3 Re7+ 37. Rxe7+ Bxe7 38. Bf5 b6 39. a4 c5 40. Be6 cxd4 41. Kd3 Bc5 42. Bxd5 a5 43. Be4 Kf6 44. Bxh7 Kg5 45. Bg8 Kf4 46. Ke2 Be7 47. Be6 Bf6 48. b3 Bh4 49. Bg4 Bf6 50. Kd3 Ke5 51. Bd7 Be7 52. Bg4 Bf6 53. Bh5 Be7 54. Bg6 Bf6 55. Kc4 Be7 56. Kb5 Bc5 57. Kc6 Kf4 58. Be4 Kg3 59. h4 Kxh4 60.
f4 Kg4 61. f5 Kf4 62. Bb1 Ke3 63. f6 d3 64. f7 d2 65. Bc2 Ke2 66. f8=Q Bxf8 67.
Kxb6 Bb4 68. Kb5 d1=Q 69. Bxd1+ Kxd1 70. Kc4 Kd2 71. Kd4 Kc2 72. Kc4 Kb2 73. Kd3 Kxb3 74. Ke2 Kxa4 75. Kd1 Kb3 76. Kc1 a4 77. Kb1 a3 78.
Ka1 Bc3+ 79. Kb1 a2+ 80. Kc1 a1=Q# 0-1

[Event "*** Titled Tuesday Blitz"]
[Site "Chess.com"]
[Date "2020.05.26"]
[Round "2"]
[White "GMStefanova"]
[Black "archess2"]
[Result "1/2-1/2"]
[WhiteElo "2619"]
[BlackElo "2262"]
[TimeControl "180+1"]
[EndTime "10:19:50 PDT"]
[Termination "Game drawn by 50-move rule"]

1. Nf3 d5 2. g3 c6 3. Bg2 Nf6 4. O-O Bf5 5. d3 h6 6. c4 e6 7. cxd5 cxd5 8. Nd4 Bh7 9. Qb3 Qb6 10. Qxb6 axb6 11. Nb5 Kd7 12. N1c3 Nc6 13. e4 d4 14. Ne2 Bc5 15. Bd2 Bg6 16. a3 e5 17. b4 Be7 18. h3 Na7 19. Nxa7 Rxa7 20. f4 Bh5 21. g4 Nxg4 22. hxg4 Bxg4 23. Bf3 Bh3 24. Rfc1 Rha8 25. fxe5 Rxa3 26. Rxa3 Rxa3 27. Nf4 Bg5 28. Rc4 Bxf4 29.
Rxd4+ Kc6 30. Bxf4 g5 31. Bg3 g4 32. Be2 Ra2 33. Kf2 h5 34. Rd6+ Kb5 35. d4+ Kxb4 36. Rxb6+ Kc3 37. d5 h4 38. Bxh4 g3+ 39. Kxg3 Rxe2 40.
Kxh3 Re3+ 41. Bg3 Rxe4 42. e6 fxe6 43. dxe6 Kc4 44. Bf2 Kd5 45. Rxb7 Rxe6 46. Kg4 Rf6 47. Bg3 Rg6+ 48. Kf3 Ke6 49. Bf4 Kf5 50. Rb5+ Ke6 51. Ke4 Kf6 52. Rb6+ Kf7 53. Rb7+ Ke6 54. Ra7 Rf6 55.
Be5 Rg6 56. Ra6+ Kf7 57. Ra8 Ke6 58. Re8+ Kf7 59. Rh8 Ke6 60. Bf4 Rf6 61. Be3 Rg6 62. Bd4 Rg4+ 63. Kd3 Rg6 64. Kc4 Rg4 65. Re8+ Kd7 66. Re1 Rf4 67. Rh1 Rf7 68. Rh5 Ke6 69. Rh6+ Kd7 70. Kd5 Rf5+ 71. Be5 Rf7 72. Ra6 Re7 73.
Bf6 Rf7 74. Ke5 Ke8 75. Ke6 Re7+ 76. Kf5 Rf7 77. Kg6 Rb7 78. Ra8+ Kd7 79. Kf5 Rc7 80. Be5 Rb7 81. Ra6 Ke7 82. Rh6 Kd7 83. Rd6+ Ke7 84. Rh6 Kd7 85. Ke4 Rb4+ 86. Bd4 Rb7 87. Kd5 Rc7 88. Bc5 Rb7 89. Re6 Kc8 90. Re8+ Kd7 91. Rh8 Rc7 92. Bd6 Rb7 93. Rh7+ Kc8 94. Rh2 Kd7 95. Rh7+ Kc8 1/2-1/2

[Event "*** Titled Tuesday Blitz"]
[Site "Chess.com"]
[Date "2020.05.26"]
[Round "2"]
[White "Meri-Arabidze"]
[Black "LiemLe"]
[Result "1/2-1/2"]
[WhiteElo "2589"]
[BlackElo "2937"]
[TimeControl "180+1"]
[EndTime "10:19:55 PDT"]
[Termination "Game drawn - insufficient material"]

1. d4 Nf6 2. c4 e6 3. Nf3 b6 4. g3 Bb7 5. Bg2 g6 6. Nc3 Ne4 7. Nxe4 Bxe4 8. d5 Bg7 9. O-O O-O 10.
Re1 Na6 11. Nd4 Bxg2 12. Kxg2 c5 13. Nb5 Nc7 14. Nxc7 Qxc7 15. e4 exd5 16. exd5 Qb7 17.
a4 Rae8 18. Ra3 Qa6 19. b3 Qa5 20. Re3 Rxe3 21. Bxe3 Qc3 22. Ra2 Re8 23. Qc2 Qe5 24. a5 h5 25. h4 Qc7 26. axb6 axb6 27. Ra6 Bd4 28. Bxd4 cxd4 29. Qd3 Qc5 30. Ra2 b5 31. Rd2 Rc8 32. Qxd4 bxc4 33. bxc4 Qxc4 34. Qxc4 Rxc4 35. Kf3 Kg7 36. Ke3 Kf6 37. Ra2 Ke5 38. Ra7 Kd6 39.
Kf3 Rd4 40. Ra8 Rxd5 41. Rf8 Ke7 42. Rg8 Rf5+ 43. Ke3 Ra5 44. Rb8 Ra3+ 45. Ke2 Ke6 46. Re8+ Kf6 47. Rd8 Ke7 48. Rb8 d6 49. Rb7+ Ke6 50.
Rc7 f6 51. Rb7 Ke5 52. Rg7 Kf5 53. Rd7 Ra6 54. Kf3 g5 55. Rh7 g4+ 56. Ke2 Kg6 57. Rd7 Rb6 58. Ke3 Ra6 59. Ke2 Kf5 60. Ke3 Ra3+ 61.
Ke2 Ra2+ 62. Ke3 Ra3+ 63. Ke2 Ke5 64. Re7+ Kd5 65. Rh7 Ke4 66. Re7+ Kd4 67. Rh7 Ra2+ 68. Kf1 d5 69. Rxh5 Ke4 70. Rh6 Ke5 71. Rh5+ f5 72. Rh7 d4 73. h5 d3 74. Rd7 Ra1+ 75.
Kg2 Kf6 76. h6 Rb1 77. h7 Rb8 78. Rxd3 Rh8 79. Rd7 Kg6 80. Kf1 Rxh7 81. Rxh7 Kxh7 82. Ke2 Kg6 83. Ke3 Kf7 84. Kf4 Kf6 85. f3 gxf3 86. Kxf3 Kg5 87. Kf2 Kg4 88. Kg2 f4 89. gxf4 Kxf4 1/2-1/2

[Event "*** Titled Tuesday Blitz"]
[Site "Chess.com"]
[Date "2020.05.26"]
[Round "2"]
[White "DivyaDeshmukh23"]
[Black "kingofkolkata"]
[Result "1-0"]
[WhiteElo "2436"]
[BlackElo "2207"]
[TimeControl "180+1"]
[EndTime "10:20:08 PDT"]
[Termination "DivyaDeshmukh23 won by resignation"]

1. e4 e5 2. Nc3 Nf6 3. Bc4 Nxe4 4. Qh5 Nd6 5. Bb3 Be7 6. Nf3 O-O 7. h4 g6 8. Qg4 Nc6 9. h5 Kg7 10. d3 Nf5 11. Qh3 Rh8 12. Bxf7 Kxf7 13. hxg6+ hxg6 14. Qxh8 Qxh8 15. Rxh8 Bf6 16. Rh7+ Kg8 17. Rh1 d6 18. Nd5 Bd8 19. Bg5 Be6 20. Ne3 Nfd4 21. Bxd8 Nxf3+ 22. gxf3 Rxd8 23. O-O-O Rf8 24. Rdg1 Kg7 25. c3 Rxf3 26. Rg2 a5 27. Kd2 Bxa2 28. Ke2 Rf8 29. Rgh2 Bg8 30. Rg1 Ne7 31. Rhg2 c6 32. Ng4 b5 33. Ra1 a4 34.
Ne3 Be6 35. Rh1 Bg8 36. Rg4 c5 37. d4 exd4 38. cxd4 Be6 39. Re4 Kf6 40. dxc5 dxc5 41. Rhh4 Nf5 42. Ng4+ Kg5 43. Rh3 Bc4+ 44. Ke1 Nd4 45.
Ne3 Nf3+ 46. Kd1 Rd8+ 47. Kc1 Nd4 48. Rg3+ Kf6 49. Nxc4 bxc4 50. Rf4+ Kg7 51. Kb1 Rd6 52. Rfg4 Nb3 53. Kc2 Rd2+ 54. Kc3 Rd1 55. Kxc4 Rc1+ 56. Kb5 Nd2 57. Kxa4 Kf7 58. Rxg6 Ne4 59. Rg7+ Kf6 60. R3g6+ Ke5 61. Rc6 Kd4 62. Rd7+ Kc4 63. b3+ Kc3 64.
Rg6 Ra1+ 65. Kb5 Kxb3 66. f3 Nc3+ 67. Kxc5 Ra5+ 68. Kb6 Rb5+ 69. Kc6 Rf5 70. Rd3 Kc4 71. Rgd6 Rf4 72. Rd8 Nb5 73. R8d7 Rf6+ 74. Kb7 Rf4 75. Re3 Rf6 76. Re4+ Kc5 77. Re5+ Kc4 78. Re4+ Kc5 79. f4 Rf5 80. Re5+ Rxe5 81. fxe5 Nd4 82. Kc7 Nb5+ 83. Kd8 Nd4 84. Ke7 Nf3 85. Kf6 Nd4 86. e6 Kc6 87. Rxd4 Kc7 88. Rd8 1-0

[Event "*** Titled Tuesday Blitz"]
[Site "Chess.com"]
[Date "2020.05.26"]
[Round "2"]
[White "Matveev_Vladimir"]
[Black "vladislavkovalev"]
[Result "1/2-1/2"]
[WhiteElo "2565"]
[BlackElo "2881"]
[TimeControl "180+1"]
[EndTime "10:20:10 PDT"]
[Termination "Game drawn - insufficient material"]

1. d4 Nf6 2. c4 e6 3. Nf3 d5 4. g3 Be7 5. Bg2 O-O 6. O-O dxc4 7. Qc2 a6 8. a4 Bd7 9. Rd1 Bc6 10.
Nc3 Bxf3 11. Bxf3 Nc6 12. Bxc6 bxc6 13. a5 Qb8 14. Ra4 Qb3 15. Qxb3 cxb3 16. Bg5 Rfd8 17.
Rc4 c5 18. Bxf6 gxf6 19. Ne4 cxd4 20. Rdxd4 Rxd4 21. Rxd4 f5 22. Nd2 Rb8 23. Rd3 Bf6 24. Nxb3 Rb5 25. Nd4 Rd5 26. Nc6 Rxd3 27. exd3 Bxb2 28.
Nb4 Bc3 29. Nxa6 Bxa5 30. Kf1 Kf8 31. Ke2 Ke7 32. Nc5 Bb6 33. Nb3 Kd6 34. f3 Kd5 35. g4 fxg4 36. fxg4 Ke5 37. Kf3 h6 38. h3 c6 39. Kg3 Bc7 40. Kf3 Bd6 41. Ke3 Bb8 42.
Kf3 Ba7 43. Kg3 Kf6 44. Kf4 Bb6 45. Nd2 Bc7+ 46. Kf3 Ke5 47. Nb3 f6 48. Ke3 f5 49.
gxf5 exf5 50. Kf3 Bd6 51. Ke3 Bc7 52. Kf3 Bb6 53. Kg3 Kf6 54. Kf4 Bc7+ 55. Kf3 Be5 56. Nc5 Ke7 57. Nb3 Kd6 58. Ke3 Kc7 59. Nd2 Bf6 60.
Nc4 Kd7 61. Kf4 Ke6 62. Na5 Be5+ 63. Kf3 Kd5 64. Nc4 Bc7 65. Ne3+ Kd4 66. Nxf5+ Kxd3 67. Nxh6 c5 68. Ng4 c4 69. Nf2+ Kd4 70. Ne4 Bd8 71. Ng3 Kd3 72. Ne2 Bh4 73. Nf4+ Kd2 74. Ne2 Bf6 75.
Ng3 Bg7 76. Ne4+ Kd3 77. Nf2+ Kd4 78. Ke2 c3 79. Kd1 Ke3 80. Ng4+ Kd3 81. Nf2+ Ke3 82. Ng4+ Kd4 83. Kc2 Bf8 84. Nf2 Be7 85. Nd1 Bf6 86. Nxc3 Ke5 87. h4 Kf5 88. h5 Kg5 89. Ne4+ Kh6 90.
Nxf6 Kg5 91. Kd3 Kxf6 92. h6 Kg6 93. h7 Kxh7 1/2-1/2

[Event "*** Titled Tuesday Blitz"]
[Site "Chess.com"]
[Date "2020.05.26"]
[Round "2"]
[White "Leo_C"]
[Black "chess94cu"]
[Result "1/2-1/2"]
[WhiteElo "2267"]
[BlackElo "2463"]
[TimeControl "180+1"]
[EndTime "10:20:16 PDT"]
[Termination "Game drawn by stalemate"]

1. d4 Nf6 2. c4 e6 3. Nc3 Bb4 4. Qc2 b6 5. e4 Bb7 6. Bd3 c5 7. d5 Qe7 8. Ne2 exd5 9. exd5 d6 10. Bd2 Nbd7 11. O-O-O O-O-O 12. Ng3 g6 13. Rhe1 Qf8 14. a3 Bxc3 15. Bxc3 Qh6+ 16. Kb1 Rhe8 17. h3 Ne5 18. Bf1 Kb8 19. Qc1 Qh4 20. Bd2 h6 21. Bxh6 Nh7 22.
Bf4 f6 23. Ne4 g5 24. Bg3 Qh6 25. f4 gxf4 26. Bxf4 Qg6 27. Ka1 Bc8 28. Ng3 Re7 29.
Be2 Rg8 30. Bh5 Qg7 31. Re2 Ba6 32. b3 Bc8 33. Qd2 f5 34. Rde1 Nf6 35. Ka2 Nxh5 36. Nxh5 Qg6 37. Ng3 Rge8 38. Bxe5 Rxe5 39. Rxe5 dxe5 40.
Qf2 f4 41. Ne4 Bf5 42. Nc3 Qf6 43. Ne4 Qg6 44. Nc3 Rg8 45. Re2 Bd3 46. Rd2 Qg3 47. Qxg3 Rxg3 48. d6 Kc8 49. Nd5 Kd7 50. Nf6+ Kxd6 51.
Nh5 Re3 52. Kb2 Ke6 53. g4 fxg3 54. Rg2 Bf5 55. Rxg3 Rxg3 56. Nxg3 Bxh3 57. Kc3 Bg2 58. Kd2 Kf6 59. Ke3 Kg5 60. b4 Bc6 61. bxc5 bxc5 62. Ne2 Kg4 63. Nc3 Kf5 64. Ne2 e4 65. Nc3 Ke5 66. Ne2 Bd7 67. Nc3 Bc6 68. Ne2 a6 69.
Nc3 a5 70. Ne2 Bd7 71. Nc3 Be6 72. Nxe4 Bxc4 73. Nxc5 Kd5 74. Nb7 a4 75. Kd2 Bb3 76. Kc3 Kc6 77. Kb2 Kxb7 78. Ka1 Kb6 79. Kb2 Kb5 80.
Ka1 Kc4 81. Kb2 Kd3 82. Ka1 Bc4 83. Kb2 Bd5 84. Ka1 Bf3 85. Kb2 Kc4 86. Ka1 Kb3 87.
Kb1 Kxa3 88. Ka1 Kb3 89. Kb1 a3 90. Ka1 Kb4 91. Ka2 Be4 92. Ka1 Bd5 93. Kb1 Bb3 94.
Ka1 Bc2 95. Ka2 Ba4 96. Ka1 Bb3 97. Kb1 Ba2+ 98. Ka1 Kb3 1/2-1/2

[Event "*** Titled Tuesday Blitz"]
[Site "Chess.com"]
[Date "2020.05.26"]
[Round "3"]
[White "XDPS"]
[Black "luizwas"]
[Result "1-0"]
[WhiteElo "2699"]
[BlackElo "1831"]
[TimeControl "180+1"]
[EndTime "10:22:05 PDT"]
[Termination "XDPS won by resignation"]

1. d4 e6 2. Bf4 f5 3. e3 Nf6 4. h3 d5 5. Nf3 c6 6. Nbd2 Bd6 7. Ne5 O-O 8. c3 Ne4 9. Qc2 Bxe5 10.
Bxe5 Nd7 11. Bh2 Ndf6 12. Nf3 b6 13. Ne5 Nd7 14. Nxc6 Qc7 15. Bxc7 1-0

[Event "*** Titled Tuesday Blitz"]
[Site "Chess.com"]
[Date "2020.05.26"]
[Round "3"]
[White "GasconJR"]
[Black "Misticpikachu"]
[Result "1-0"]
[WhiteElo "2465"]
[BlackElo "2217"]
[TimeControl "180+1"]
[EndTime "10:22:25 PDT"]
[Termination "GasconJR won by resignation"]

1. d4 d5 2. c4 e6 3. Nc3 Nf6 4. Nf3 Be7 5. Bf4 O-O 6. e3 c5 7. dxc5 Bxc5 8. a3 a5 9. Be2 Nc6 10. O-O Re8 11. Bg5 h6 12. Bxf6 Qxf6 13. cxd5 Ne5 14. Ne4 Nxf3+ 15. Bxf3 Qe7 16. d6 Qg5 17. Nxg5 1-0

[Event "*** Titled Tuesday Blitz"]
[Site "Chess.com"]
[Date "2020.05.26"]
[Round "3"]
[White "Shushik"]
[Black "tylityli"]
[Result "1-0"]
[WhiteElo "2127"]
[BlackElo "2296"]
[TimeControl "180+1"]
[EndTime "10:22:28 PDT"]
[Termination "Shushik won by checkmate"]

1. e4 e5 2. Nf3 Nc6 3. Bc4 Nf6 4.
d3 Be7 5. c3 O-O 6. Nbd2 d6 7.
O-O Na5 8. Bb5 a6 9. Ba4 b5 10. Bc2 c5 11. Re1 Nc6 12. a3 Bg4 13. h3 Be6 14. Nf1 g6 15. d4 cxd4 16. cxd4 exd4 17.
Nxd4 Nxd4 18. Qxd4 Nd7 19. Bh6 Re8 20. Qg7# 1-0